 Dungeon Crawl Stone Soup version 0.23.2-40-g277498a001 (webtiles) character file.

Game seed: 16987304304392361413

77 Hylith the Conjurer (level 4, -3/30 HPs)
             Began as a Mummy Conjurer on Aug 15, 2019.
             Slain by a scorpion (6 damage)
             ... on level 3 of the Dungeon.
             The game lasted 00:07:17 (3520 turns).

Hylith the Conjurer (Mummy Conjurer)                Turns: 3520, Time: 00:07:18

Health: -3/30      AC:  2    Str: 11    XL:     4   Next: 14%
Magic:  3/9        EV: 12    Int: 15    God:
Gold:   115        SH:  0    Dex: 12    Spells: 9/10 levels left

rFire    x . .     SeeInvis .   i - +0 club
rCold    + . .     Gourm    .   (no shield)
rNeg     + + +     Faith    .   a - +0 robe
rPois    ∞         Spirit   .   (no helmet)
rElec    .         Reflect  .   (no cloak)
rCorr    .         Harm     .   (no gloves)
MR       .....                  (no boots)
Stlth    +.........             (no amulet)
HPRegen  0.10/turn              j - ring of attention (curse)
MPRegen  0.11/turn              (no ring)

@: no status effects
A: no food or potions, fire vulnerability, cold resistance 1, negative energy
resistance 3, torment resistance, unbreathing
a: no special abilities


You were on level 3 of the Dungeon.
You were not hungry.

You visited 1 branch of the dungeon, and saw 3 of its levels.

You collected 115 gold pieces.

Inventory:

Hand Weapons
 i - a +0 club (weapon)
Missiles
 c - 3 tomahawks (quivered)
Armour
 a - a +0 robe (worn)
Jewellery
 j - a cursed ring of attention (left hand)
Scrolls
 b - 2 scrolls of teleportation
 d - a scroll of fog
 k - 3 scrolls of enchant weapon


   Skills:
 - Level 2.0 Dodging
 - Level 2.0 Stealth
 + Level 3.9 Spellcasting
 + Level 3.9 Conjurations


You had 9 spell levels left.
You knew the following spells:

 Your Spells              Type           Power        Failure   Level  Hunger
a - Magic Dart            Conj           ##..         3%          1    N/A

Your spell library contained the following spells:

 Spells                   Type           Power        Failure   Level  Hunger
 Searing Ray              Conj           ##....       5%          2    N/A
 Dazzling Spray           Conj/Hex       #.....       24%         3    N/A
 Iskenderun's Mystic Bla  Conj           ##......     34%         4    N/A
 Force Lance              Conj/Tloc      #.......     63%         4    N/A
 Fulminant Prism          Conj/Hex       #.........   63%         4    N/A

Dungeon Overview and Level Annotations

Branches:
Dungeon (3/15)

Altars:


Innate Abilities, Weirdness & Mutations

You do not eat or drink.
Your flesh is vulnerable to fire.
You are immune to poison.
Your flesh is cold resistant. (rC+)
You are immune to negative energy. (rN+++)
You are immune to unholy pain and torment.
You can survive without breathing.


Message History

Aim: a scorpion (moderately wounded)
You miscast Magic Dart.
You are very lightly contaminated with residual magic.
Your skin glows momentarily.
The scorpion stings you.
* * * LOW HITPOINT WARNING * * *
Casting: Magic Dart (safe; 3% risk of failure)
Confirm with . or Enter, or press ? or * to list all spells.
Aiming: Magic Dart (safe; 3% risk of failure)
Press: ? - help, Shift-Dir - straight line, f/p - scorpion
Aim: a scorpion (moderately wounded)
The magic dart hits the scorpion but does no damage.
The scorpion is moderately wounded.
The scorpion stings you.
* * * LOW HITPOINT WARNING * * *
You see here a ring mail.
Your magical contamination has completely faded away.
You see here a ration.
There is a stone staircase leading up here.
The scorpion stings you.
You die...

#...#
#####...##########
#.................
#.##....####....##
#......#####....#
#.........##....#
#......##..#....#
#>..(.)..#.#....##
#@s.....%.........
##.....###........
#.....# #.#(....(
#.######..#...###
#.# #..####...#
... ...# ###)#
##.. .#.. #.. ...#
... ### ##.


You could see a scorpion.

Vanquished Creatures
  An adder (D:2)
  An ooze (D:1)
  2 worms
  A leopard gecko (D:2)
  2 giant cockroaches (D:1)
  6 goblins
  4 hobgoblins
  2 jackals (D:2)
  13 kobolds
  A quokka (D:2)
  2 ball pythons (D:2)
  6 bats
  6 frilled lizards
  9 rats
56 creatures vanquished.

Notes
Turn   | Place    | Note
-------+----------+-------------------------------------------
     0 | D:1      | Hylith the Mummy Conjurer began the quest for the Orb.
     0 | D:1      | Reached XP level 1. HP: 13/13 MP: 4/4
   531 | D:1      | Reached XP level 2. HP: 19/19 MP: 3/5
  1358 | D:1      | Reached XP level 3. HP: 24/24 MP: 1/7
  2842 | D:2      | Reached XP level 4. HP: 30/30 MP: 6/9
  3491 | D:3      | HP: 1/30 [scorpion (4)]
  3520 | D:3      | Slain by a scorpion

Skill      XL: |  1  2  3 |
---------------+----------+-----
Spellcasting   | 3 |  3.9
Stealth        | 2 |  2.0
Dodging        | 2 |  2.0
Conjurations   | |  3.9

Action                   |  1- 3 |  4- 6 || total
-------------------------+-------+-------++-------
Melee: Unarmed           |    57 |       ||    57
       Club              |    57 |    25 ||    82
 Cast: Magic Dart        |    87 |    19 ||   106
  Use: Scroll            |     7 |       ||     7
 Stab: Sleeping          |     1 |       ||     1
Armor: Robe              |    28 |     5 ||    33
Dodge: Dodged            |    99 |    33 ||   132
